 Dungeon Crawl Stone Soup version 0.28-a0-1594-ga885d4b3d6 (webtiles) character file.

Game seed: 3469682476760008663

62 wazuzu the Twirler (level 3, 0/27 HPs)
             Began as a Demonspawn Gladiator on Jan 20, 2022.
             Slain by an ice beast (13 damage)
             ... on level 3 of the Dungeon.
             The game lasted 00:03:25 (1858 turns).

wazuzu the Twirler (Demonspawn Gladiator)           Turns: 1858, Time: 00:03:26

Health: 0/27       AC:  7    Str: 16    XL:     3   Next: 85%
Magic:  3/3        EV: 11    Int:  9    God:
Gold:   119        SH:  0    Dex: 14    Spells: 2/2 levels left

rFire   . . .      SeeInvis .   j - +3 spear
rCold   . . .      Faith    .   (no shield)
rNeg    . . .      Spirit   .   i - +0 ring mail
rPois   .          Reflect  .   c - +0 helmet
rElec   .          Harm     .   (no cloak)
rCorr   .          Rampage  .   e - +0 pair of gloves
Will    .....                   (no boots)
Stlth   +.........              (no amulet)
HPRegen 0.09/turn               (no ring)
MPRegen 0.08/turn               (no ring)

@: no status effects
A: demonic magic 2
a: no special abilities


You were on level 3 of the Dungeon.
You visited 1 branch of the dungeon, and saw 3 of its levels.

You collected 148 gold pieces.
You spent 29 gold pieces at shops.


Innate Abilities, Weirdness & Mutations

Spells you cast may paralyse nearby enemies.


   Skills:
 - Level 2.0 Fighting
 + Level 3.7 Staves
 - Level 1.7 Throwing
 - Level 2.0 Armour
 - Level 2.6 Dodging


You had 2 spell levels left.
You didn't know any spells.
Your spell library contained the following spells:

 Spells                   Type           Power      Damage    Failure   Level
 Ensorcelled Hibernation  Hex/Ice        0%         N/A       75%         2
 Call Canine Familiar     Summ           0%         N/A       92%         3
 Gell's Gravitas          Tloc           0%         N/A       92%         3
 Lesser Beckoning         Tloc           0%         N/A       92%         3
 Portal Projectile        Hex/Tloc       0%         N/A       92%         3
 Spider Form              Tmut/Pois      0%         N/A       92%         3
 Teleport Other           Tloc           0%         N/A       92%         3
 Anguish                  Hex/Necr       0%         N/A       100%        4
 Leda's Liquefaction      Hex/Erth       0%         N/A       100%        4


Dungeon Overview and Level Annotations

Branches:
Dungeon (3/15)

Altars:
Zin

Shops:
D:1 [*[   D:2 (

Inventory:

Hand Weapons
 a - a +0 quarterstaff
 j - a +3 spear (weapon)
Missiles
 d - 3 throwing nets (quivered)
Armour
 c - a +0 helmet (worn)
 e - a +0 pair of gloves (worn)
 i - a +0 ring mail (worn)
Scrolls
 f - a scroll of fog {unknown}
 g - 2 scrolls of identify {unknown}
 k - 2 scrolls of immolation {unknown}
Potions
 h - a potion of curing
 l - a potion of haste {unknown}

#........# #####
##........#
....####.........#
###.###.....)......#.#
............†....<...
#..##.........#..#(#
##(.##.........#..# #
#.......##.#...# ...
#....Y@........# ..#
.?.#...#.##.#..## ...
#.....#.##.#....
............# .##
.........#### .#
......$... ##########


You could see an ice beast.


Message History

You reach to attack!
You puncture the rat!
You kill the rat!
Training target 2.0 for Armour reached!
Your Armour skill increases to level 2!
You barely miss the ice beast.
The ice beast hits you but does no damage.
You closely miss the ice beast.
The ice beast hits you but does no damage.
You barely miss the ice beast.
The ice beast hits you but does no damage.
You hit the ice beast but do no damage. You punch the ice beast.
The ice beast is lightly wounded.
The ice beast hits you but does no damage.
You barely miss the ice beast.
The ice beast is lightly wounded.
The ice beast hits you. The ice beast freezes you!
* * * LOW HITPOINT WARNING * * *
You barely miss the ice beast.
The ice beast is lightly wounded.
The ice beast hits you but does no damage.
You hit the ice beast but do no damage.
The ice beast is lightly wounded.
The ice beast hits you but does no damage.
You barely miss the ice beast.
The ice beast is lightly wounded.
The ice beast completely misses you.
You barely miss the ice beast.
The ice beast is lightly wounded.
The ice beast hits you but does no damage.
You closely miss the ice beast.
The ice beast is lightly wounded.
The ice beast closely misses you.
You hit the ice beast.
The ice beast is lightly wounded.
The ice beast hits you but does no damage.
You hit the ice beast but do no damage.
The ice beast is lightly wounded.
The ice beast completely misses you.
You hit the ice beast.
The ice beast is lightly wounded.
The ice beast hits you.
* * * LOW HITPOINT WARNING * * *
The ice beast freezes you.
* * * LOW HITPOINT WARNING * * *
You barely miss the ice beast.
The ice beast is lightly wounded.
The ice beast hits you but does no damage.
It was a potion of curing.
You feel better.
The ice beast hits you but does no damage.
You closely miss the ice beast.
The ice beast is lightly wounded.
The ice beast completely misses you.
You closely miss the ice beast.
The ice beast is lightly wounded.
The ice beast hits you but does no damage.
You hit the ice beast.
The ice beast is moderately wounded.
The ice beast misses you.
You hit the ice beast.
The ice beast is heavily wounded.
The ice beast hits you but does no damage.
You hit the ice beast.
The ice beast is heavily wounded.
The ice beast hits you but does no damage.
You hit the ice beast but do no damage.
The ice beast is heavily wounded.
The ice beast hits you.
* * * LOW HITPOINT WARNING * * *
The ice beast freezes you!
You die...

Action                   || total
-------------------------++-------
Melee: Quarterstaff      ||    64
       Spear             ||    58
       Punch             ||     2
  Use: Potion            ||     1
Armor: Leather armour    ||     9
       Ring mail         ||    26
Dodge: Dodged            ||    61

Levels and vault maps discovered:
D:1:      beargit_arrival_greenhouse, layout_rooms, serial_shops, shop_statue,
          shop, nicolae_shop_crystal, minmay_misc_feat_doors
D:2:      layout_loops_cross, shapermc_ecumenical_altar_mp_highgroup,
          basic_altar, serial_shops, shop
D:3:      layout_basic, serial_bayou_crossing

Notes
Turn   | Place    | Note
-------+----------+-------------------------------------------
     0 | D:1      | wazuzu the Demonspawn Gladiator began the quest for the
                  | Orb.
     0 | D:1      | Reached XP level 1. HP: 16/16 MP: 1/1
     7 | D:1      | Found Huosmesi's Armour Shoppe.
    66 | D:1      | Reached skill level 3 in Staves
   283 | D:1      | Found Uggiqoum's Antique Armour Shoppe.
   284 | D:1      | Found Kuntis's Assorted Antiques.
   289 | D:1      | Bought a scroll labelled TACIDU MEIWNIN for 29 gold pieces
   306 | D:1      | Gained mutation: Spells you cast may paralyse adjacent
                  | enemies. [demonic ancestry]
   306 | D:1      | Reached XP level 2. HP: 22/22 MP: 2/2
   705 | D:2      | Found a faded altar of an unknown god.
   868 | D:2      | Reached skill level 1 in Armour
   868 | D:2      | Gained mutation: Spells you cast may paralyse nearby
                  | enemies. [demonic ancestry]
   868 | D:2      | Reached XP level 3. HP: 22/27 MP: 3/3
  1502 | D:2      | Found Vaddosti's Antique Weapon Emporium.
  1835 | D:3      | Noticed an ice beast
  1837 | D:3      | Reached skill level 2 in Armour
  1858 | D:3      | Slain by an ice beast

Vanquished Creatures
  2 adders (D:2)
  2 worms (D:2)
  An orc (D:3)
  2 bats (D:1)
  5 endoplasms
  A goblin (D:2)
  A hobgoblin (D:1)
  4 jackals (D:2)
  4 kobolds
  A quokka (D:3)
  8 ball pythons
  A frilled lizard (D:2)
  4 rats
36 creatures vanquished.
